Unix NetHack Version 3.7.0-64 Work-in-progress - last build Sep 20 2022 13:51:49 (2efdc47de06bbc12dbc956ebf73d51181633095d,branch:master).

Game began 2022-09-20 19:09:13, ended 2022-09-20 19:33:55.

Gandelf, neutral male human Monk

  
stone
stone
stone
stone
stone
stone
stone
stone
stone
stone
stone
stone
stone
stone
stone
stone
stone
stone
stone
stone
stone
stone
stone
stone
stone
stone
stone
stone
stone
stone
stone
stone
stone
stone
stone
stone
stone
stone
stone
stone
stone
stone
stone
stone
stone
stone
stone
stone
stone
stone
stone
stone
stone
stone
stone
stone
stone
stone
stone
stone
stone
stone
stone
stone
stone
stone
stone
stone
stone
stone
stone
stone
stone
stone
stone
stone
stone
stone
stone
stone
stone
stone
stone
stone
stone
stone
stone
stone
stone
stone
stone
stone
stone
stone
stone
stone
stone
stone
stone
stone
stone
stone
stone
stone
stone
stone
stone
stone
stone
stone
stone
stone
stone
stone
stone
stone
stone
stone
stone
stone
stone
stone
stone
stone
stone
stone
stone
stone
stone
stone
stone
stone
stone
stone
stone
stone
stone
stone
stone
stone
stone
stone
stone
stone
stone
stone
stone
stone
stone
stone
stone
stone
stone
stone
stone
stone
stone
stone
stone
stone
stone
stone
stone
stone
stone
stone
stone
stone
stone
stone
stone
stone
stone
stone
stone
stone
stone
stone
stone
stone
stone
stone
stone
stone
stone
stone
stone
stone
stone
stone
stone
stone
stone
stone
stone
stone
stone
stone
stone
stone
stone
stone
stone
stone
stone
stone
stone
stone
stone
stone
stone
stone
stone
stone
stone
stone
stone
stone
stone
stone
stone
stone
stone
stone
stone
stone
stone
stone
stone
stone
stone
stone
stone
stone
stone
stone
stone
stone
stone
stone
stone
stone
stone
stone
stone
stone
stone
stone
stone
stone
stone
stone
stone
stone
stone
stone
stone
stone
stone
stone
stone
stone
stone
wall
wall
wall
wall
wall
wall
wall
wall
wall
wall
wall
wall
wall
wall
wall
wall
wall
wall
wall
wall
wall
wall
wall
wall
wall
wall
stone
stone
stone
stone
stone
stone
stone
stone
stone
stone
stone
stone
stone
stone
stone
stone
stone
stone
stone
stone
stone
stone
stone
stone
stone
stone
stone
stone
stone
stone
stone
stone
stone
stone
stone
stone
stone
stone
stone
stone
stone
stone
stone
stone
stone
stone
stone
stone
stone
stone
stone
stone
stone
wall
>staircase down
.dark part of a room
.dark part of a room
.dark part of a room
.dark part of a room
.dark part of a room
.dark part of a room
.dark part of a room
.dark part of a room
.dark part of a room
.dark part of a room
.dark part of a room
^hole
^hole
^hole
^hole
^hole
^hole
^hole
^hole
^hole
^hole
^hole
.dark part of a room
wall
stone
stone
stone
stone
stone
stone
stone
stone
stone
stone
stone
stone
stone
stone
stone
stone
stone
stone
stone
stone
stone
stone
stone
stone
stone
stone
stone
stone
stone
stone
stone
stone
stone
stone
stone
stone
stone
stone
stone
stone
stone
stone
stone
stone
stone
stone
stone
stone
stone
stone
stone
stone
stone
wall
1unknown creature causing you concern
.dark part of a room
.dark part of a room
.dark part of a room
.dark part of a room
.dark part of a room
.dark part of a room
wall
wall
wall
wall
wall
wall
wall
wall
wall
wall
wall
wall
wall
wall
wall
wall
.dark part of a room
wall
stone
stone
stone
stone
stone
stone
stone
stone
stone
stone
stone
stone
stone
stone
stone
stone
stone
stone
stone
stone
stone
stone
stone
stone
stone
stone
stone
stone
stone
stone
stone
stone
stone
stone
stone
stone
stone
stone
stone
stone
stone
stone
stone
stone
stone
stone
stone
stone
stone
stone
stone
stone
stone
wall
wall
wall
wall
wall
wall
wall
.dark part of a room
wall
wall
wall
wall
wall
wall
stone
stone
stone
stone
stone
stone
stone
stone
stone
wall
.dark part of a room
wall
stone
stone
stone
stone
stone
stone
stone
stone
stone
stone
stone
stone
stone
stone
stone
stone
stone
stone
stone
stone
stone
stone
stone
stone
stone
stone
stone
stone
stone
stone
stone
stone
stone
stone
stone
stone
stone
stone
stone
stone
stone
stone
stone
stone
stone
stone
stone
stone
stone
stone
stone
stone
stone
stone
wall
.dark part of a room
.dark part of a room
%a giant mimic corpse
.dark part of a room
.dark part of a room
1unknown creature causing you concern
.dark part of a room
.dark part of a room
.dark part of a room
.dark part of a room
.dark part of a room
wall
stone
stone
stone
stone
stone
stone
stone
stone
stone
wall
.dark part of a room
wall
stone
stone
stone
stone
stone
stone
stone
stone
stone
stone
stone
stone
stone
stone
stone
stone
stone
stone
stone
stone
stone
stone
stone
stone
stone
stone
stone
stone
stone
stone
stone
stone
stone
stone
stone
stone
stone
stone
stone
stone
stone
stone
stone
stone
stone
stone
stone
stone
stone
stone
stone
stone
stone
stone
wall
0a boulder
.dark part of a room
0a boulder
.dark part of a room
0a boulder
1unknown creature causing you concern
.dark part of a room
1unknown creature causing you concern
0a boulder
.dark part of a room
0a boulder
wall
stone
stone
stone
stone
stone
stone
stone
stone
stone
wall
.dark part of a room
wall
stone
stone
stone
stone
stone
stone
stone
stone
stone
stone
stone
stone
stone
stone
stone
stone
stone
stone
stone
stone
stone
stone
stone
stone
stone
stone
stone
stone
stone
stone
stone
stone
stone
stone
stone
stone
stone
stone
stone
stone
stone
stone
stone
stone
stone
stone
stone
stone
stone
stone
stone
stone
stone
wall
wall
wall
wall
wall
wall
wall
wall
=a ring
wall
wall
wall
wall
wall
stone
stone
stone
stone
stone
stone
stone
stone
stone
wall
.dark part of a room
wall
stone
stone
stone
stone
stone
stone
stone
stone
stone
stone
stone
stone
stone
stone
stone
stone
stone
stone
stone
stone
stone
stone
stone
stone
stone
stone
stone
stone
stone
stone
stone
stone
stone
stone
stone
stone
stone
stone
stone
stone
stone
stone
stone
stone
stone
stone
stone
stone
stone
stone
stone
stone
stone
wall
.floor of a room
.floor of a room
.floor of a room
.floor of a room
.floor of a room
.floor of a room
oMordor orc
.floor of a room
.floor of a room
.floor of a room
.floor of a room
.floor of a room
wall
stone
stone
stone
stone
stone
stone
stone
stone
stone
wall
.dark part of a room
wall
stone
stone
stone
stone
stone
stone
stone
stone
stone
stone
stone
stone
stone
stone
stone
stone
stone
stone
stone
stone
stone
stone
stone
stone
stone
stone
stone
stone
stone
stone
stone
stone
stone
stone
stone
stone
stone
stone
stone
stone
stone
stone
stone
stone
stone
stone
stone
stone
stone
stone
stone
stone
stone
wall
@human monk called Gandelf
@Woodland-elf
.floor of a room
.floor of a room
.floor of a room
)a cursed runed short sword
.floor of a room
.floor of a room
.floor of a room
.floor of a room
.floor of a room
.floor of a room
wall
stone
stone
stone
stone
stone
stone
stone
stone
stone
wall
.dark part of a room
wall
stone
stone
stone
stone
stone
stone
stone
stone
stone
stone
stone
stone
stone
stone
stone
stone
stone
stone
stone
stone
stone
stone
stone
stone
stone
stone
stone
stone
stone
stone
stone
stone
stone
stone
stone
stone
stone
stone
stone
stone
stone
stone
stone
stone
stone
stone
stone
stone
stone
stone
stone
stone
stone
wall
wall
wall
wall
wall
.dark part of a room
wall
wall
wall
wall
wall
wall
wall
wall
stone
stone
stone
wall
wall
wall
wall
wall
wall
wall
.dark part of a room
wall
stone
stone
stone
stone
stone
stone
stone
stone
stone
stone
stone
stone
stone
stone
stone
stone
stone
stone
stone
stone
stone
stone
stone
stone
stone
stone
stone
stone
stone
stone
stone
stone
stone
stone
stone
stone
stone
stone
stone
stone
stone
stone
stone
stone
stone
stone
stone
stone
stone
stone
stone
stone
stone
stone
wall
.dark part of a room
.dark part of a room
.dark part of a room
.dark part of a room
0a boulder
.dark part of a room
0a boulder
.dark part of a room
.dark part of a room
.dark part of a room
wall
stone
stone
wall
wall
wall
.dark part of a room
.dark part of a room
.dark part of a room
.dark part of a room
.dark part of a room
wall
.dark part of a room
wall
stone
stone
stone
stone
stone
stone
stone
stone
stone
stone
stone
stone
stone
stone
stone
stone
stone
stone
stone
stone
stone
stone
stone
stone
stone
stone
stone
stone
stone
stone
stone
stone
stone
stone
stone
stone
stone
stone
stone
stone
stone
stone
stone
stone
stone
stone
stone
stone
stone
stone
stone
stone
stone
stone
wall
.dark part of a room
.dark part of a room
.dark part of a room
.dark part of a room
.dark part of a room
0a boulder
.dark part of a room
.dark part of a room
.dark part of a room
.dark part of a room
wall
stone
stone
wall
.dark part of a room
+closed door
.dark part of a room
.dark part of a room
.dark part of a room
.dark part of a room
.dark part of a room
wall
.dark part of a room
wall
stone
stone
stone
stone
stone
stone
stone
stone
stone
stone
stone
stone
stone
stone
stone
stone
stone
stone
stone
stone
stone
stone
stone
stone
stone
stone
stone
stone
stone
stone
stone
stone
stone
stone
stone
stone
stone
stone
stone
stone
stone
stone
stone
stone
stone
stone
stone
stone
stone
stone
stone
stone
stone
stone
wall
.dark part of a room
0a boulder
.dark part of a room
0a boulder
.dark part of a room
.dark part of a room
.dark part of a room
0a boulder
.dark part of a room
wall
wall
stone
stone
wall
wall
wall
.dark part of a room
.dark part of a room
.dark part of a room
.dark part of a room
.dark part of a room
wall
.dark part of a room
wall
stone
stone
stone
stone
stone
stone
stone
stone
stone
stone
stone
stone
stone
stone
stone
stone
stone
stone
stone
stone
stone
stone
stone
stone
stone
stone
stone
stone
stone
stone
stone
stone
stone
stone
stone
stone
stone
stone
stone
stone
stone
stone
stone
stone
stone
stone
stone
stone
stone
stone
stone
stone
stone
wall
wall
wall
wall
wall
wall
wall
.dark part of a room
wall
wall
wall
wall
stone
stone
stone
wall
.dark part of a room
+closed door
.dark part of a room
.dark part of a room
.dark part of a room
.dark part of a room
.dark part of a room
+closed door
.dark part of a room
wall
stone
stone
stone
stone
stone
stone
stone
stone
stone
stone
stone
stone
stone
stone
stone
stone
stone
stone
stone
stone
stone
stone
stone
stone
stone
stone
stone
stone
stone
stone
stone
stone
stone
stone
stone
stone
stone
stone
stone
stone
stone
stone
stone
stone
stone
stone
stone
stone
stone
stone
stone
stone
stone
wall
.dark part of a room
.dark part of a room
0a boulder
.dark part of a room
.dark part of a room
.dark part of a room
.dark part of a room
.dark part of a room
wall
stone
stone
stone
stone
stone
wall
wall
wall
.dark part of a room
.dark part of a room
.dark part of a room
.dark part of a room
.dark part of a room
wall
wall
wall
stone
stone
stone
stone
stone
stone
stone
stone
stone
stone
stone
stone
stone
stone
stone
stone
stone
stone
stone
stone
stone
stone
stone
stone
stone
stone
stone
stone
stone
stone
stone
stone
stone
stone
stone
stone
stone
stone
stone
stone
stone
stone
stone
stone
stone
stone
stone
stone
stone
stone
stone
stone
stone
wall
.dark part of a room
.dark part of a room
.dark part of a room
.dark part of a room
.dark part of a room
.dark part of a room
.dark part of a room
.dark part of a room
wall
stone
stone
stone
stone
stone
wall
.dark part of a room
+closed door
.dark part of a room
.dark part of a room
.dark part of a room
.dark part of a room
.dark part of a room
wall
stone
stone
stone
stone
stone
stone
stone
stone
stone
stone
stone
stone
stone
stone
stone
stone
stone
stone
stone
stone
stone
stone
stone
stone
stone
stone
stone
stone
stone
stone
stone
stone
stone
stone
stone
stone
stone
stone
stone
stone
stone
stone
stone
stone
stone
stone
stone
stone
stone
stone
stone
stone
stone
stone
stone
wall
.dark part of a room
.dark part of a room
.dark part of a room
wall
wall
wall
wall
wall
wall
stone
stone
stone
stone
stone
wall
wall
wall
.dark part of a room
.dark part of a room
.dark part of a room
.dark part of a room
.dark part of a room
wall
stone
stone
stone
stone
stone
stone
stone
stone
stone
stone
stone
stone
stone
stone
stone
stone
stone
stone
stone
stone
stone
stone
stone
stone
stone
stone
stone
stone
stone
stone
stone
stone
stone
stone
stone
stone
stone
stone
stone
stone
stone
stone
stone
stone
stone
stone
stone
stone
stone
stone
stone
stone
stone
stone
stone
wall
wall
wall
wall
wall
stone
stone
stone
stone
stone
stone
stone
stone
stone
stone
stone
stone
wall
wall
wall
wall
wall
wall
wall
stone
stone
stone
stone
stone
stone
stone
stone
stone
stone
stone
stone
stone
stone
stone
stone
stone
stone
stone
stone
stone
stone
stone
stone
stone
stone
stone
stone
stone
[Gandelf the Initiate ] St:16 Dx:14 Co:10 In:12 Wi:16 Ch:10 Neutral S:4129 Dlvl:4 $:195 HP:0(50) Pw:39(39) AC:1 Xp:7/896 T:2403

Latest messages:

The wand hits you!
You kill the Woodland-elf!
The Woodland-elf shoots 3 runed arrows!
You are almost hit by the 1st runed arrow.
You are hit by the 2nd runed arrow.
The 3rd runed arrow misses you.
The Mordor orc wields a knife!
You see here 3 runed arrows.
The Mordor orc throws a knife!
The knife misses the Mordor orc.
You are hit by a knife.
You hit the Mordor orc!
You kill the Mordor orc!
The Woodland-elf shoots a runed arrow!
You are hit by a runed arrow!
The Mordor orc picks up an orcish helm.
You hit the Mordor orc!
You hit the Mordor orc!
The Woodland-elf swings her runed bow.
The Woodland-elf misses!
You hit the Mordor orc!
The Woodland-elf swings her runed bow.
The Woodland-elf hits!
The Mordor orc throws a knife!
The knife misses the Mordor orc.
You are hit by a knife.
The Woodland-elf swings her runed bow.
The Woodland-elf hits!
You hear a chugging sound.
The Woodland-elf swings her runed bow.
The Woodland-elf hits!
The Woodland-elf picks up a faded pall.
The Woodland-elf picks up a uranium wand.
The Woodland-elf picks up an elven leather helm.
What do you want to drink? [efnpCJ or ?*] ?
Never mind.
You hear a nearby zap.
The boulder falls apart.
The wand misses you.
You stop searching.
The Woodland-elf zaps a wand of striking!
The wand misses you.
The Mordor orc picks up 2 knives.
Pick an object.
@ a human or elf (human monk called Gandelf)
You hit the Woodland-elf!
The Woodland-elf swings her runed bow.
The Woodland-elf hits!
You die...
Do you want your possessions identified? [ynq] (y) q

Inventory:

Coins

$ - 195 gold pieces

Weapons

Y - 11 +0 arrows
z - 6 +0 crossbow bolts (in quiver pouch)
A - a +0 dagger
w - a +0 elven dagger
l - a +0 orcish dagger

Armor

m - an uncursed +0 orcish helm (being worn)
a - an uncursed +2 pair of leather gloves (being worn)
B - an uncursed +0 pair of iron shoes (being worn)
b - an uncursed +1 robe (being worn)

Comestibles

Z - an uncursed slime mold
h - 6 uncursed apples
g - 4 uncursed food rations
E - 3 uncursed food rations
j - 2 uncursed fortune cookies
i - 4 uncursed oranges
N - an uncursed pancake
W - an uncursed sprig of wolfsbane
L - an uncursed tripe ration

Scrolls

y - an uncursed scroll of amnesia
F - a blessed scroll of blank paper
G - an uncursed scroll of blank paper
D - a cursed scroll of blank paper
q - an uncursed scroll of destroy armor
P - 2 uncursed scrolls of earth
r - an uncursed scroll of genocide
d - an uncursed scroll of identify
I - an uncursed scroll of light
H - an uncursed scroll of remove curse

Spellbooks

c - a blessed spellbook of confuse monster

Potions

J - an uncursed potion of fruit juice
C - a cursed potion of sleeping
e - 2 uncursed potions of water
f - an uncursed potion of water
n - an uncursed potion of water
p - an uncursed potion of water

Rings

U - a cursed ring of fire resistance
V - an uncursed +1 ring of increase damage
O - an uncursed ring of teleport control
S - an uncursed ring of teleport control

Wands

X - a wand of create monster (0:12)
Q - a wand of light (0:11)
k - a wand of make invisible (0:6)
K - a wand of opening (0:6)
T - a wand of striking (0:6)

Tools

x - an uncursed brass lantern
o - an uncursed mirror
s - an uncursed tin whistle

Gems/Stones

t - an uncursed worthless piece of yellow glass
v - an uncursed worthless piece of yellowish brown glass

Gandelf the Monk's attributes:


Background:

You were an Initiate, a level 7 male human Monk.
You were neutral, on a mission for Chih Sung-tzu
who was opposed by Shan Lai Ching (lawful) and Huan Ti (chaotic).
You were in Sokoban, on level 4.
You entered the dungeon 2403 turns ago.
You had 896 experience points, 384 more were needed to attain level 8.
Your score was 4129 before end-of-game adjustments.

Basics:

You had 0 out of 50 hit points.
You had all 39 energy points (spell power).
Your armor class was 1.
Your wallet contained 195 zorkmids.
Autopickup was off.

Final Characteristics:

Your strength was 16 (limit:18/100).
Your dexterity was 14 (limit:18).
Your constitution was 10 (limit:18).
Your intelligence was 12 (limit:18).
Your wisdom was 16 (limit:18).
Your charisma was 10 (limit:18).

Final Status:

You were not hungry.
You were unencumbered.
You were empty handed.
You were skilled in martial arts.

Final Attributes:

You were piously aligned.
You were sleep resistant.
You were poison resistant.
You saw invisible.
You were warned.
You were stealthy.
You were guarded.
You were fast.
You are dead.

Miscellaneous:
You never encountered a bones level.
Total elapsed playing time was 24 minutes and 42 seconds.

Major events:

Turn

1: Gandelf the neutral male human Monk entered the dungeon
563: attained the rank of Novice (level 3)
1087: entered Sokoban
1298: completed 1st Sokoban level
1708: completed 2nd Sokoban level
1913: attained the rank of Initiate (level 6)
2045: completed 3rd Sokoban level
2403: killed by a Woodland-elf

Vanquished creatures:

a giant mimic
a python
a cockatrice
a gold golem
a chickatrice
a jaguar
a snake
a rope golem
a Woodland-elf
a Mordor orc
a pony
2 fog clouds
a gnome leader
a kobold mummy
2 elf zombies
a paper golem
a giant ant
a floating eye
2 dwarves
2 rothes
a dwarf zombie
a wererat
a coyote
2 hobbits
a large kobold
2 cave spiders
a brown mold
a yellow mold
a garter snake
2 geckos
3 jackals
a fox
2 goblins
2 grid bugs
2 lichens
a kobold zombie
2 newts
50 creatures vanquished.
No species were genocided or became extinct.

Voluntary challenges:

You followed a strict vegan diet.
You never hit with a wielded weapon.
You were illiterate.
You never engraved Elbereth.
You never genocided any monsters.
You never polymorphed an object.
You never changed form.
You used no wishes.
You did not violate any of the special Sokoban rules.

Achievements:

You attained the rank of Novice.
You entered Sokoban.
You attained the rank of Initiate.

The Dungeons of Doom: levels 1 to 8

   Level 1:
Level 2:
An altar.
Level 3:
A fountain.
Level 4:
A grave.
Level 5:
A fountain.
Level 6:
Level 7:
Many fountains.
Level 8:
Stairs up to Sokoban, level 7.

Sokoban: levels 7 up to 4

   Level 4: <- You were here.
Unsolved.
Final resting place for
you, killed by a Woodland-elf.
Level 5:
Solved.
Level 6:
Solved.
Level 7:
Solved.

Game over:

----------
/ \
/ REST \
/ IN \
/ PEACE \
/ \
| Gandelf |
| 195 Au |
| killed by a |
| Woodland-elf |
| |
| |
| 2022 |
*| * * * | *
_________)/\\_//(\/(/\)/\//\/|_)_______

Goodbye Gandelf the Monk...


You died in Sokoban on dungeon level 4 with 4110 points,
and 195 pieces of gold, after 2403 moves.
You were level 7 with a maximum of 50 hit points when you died.